General information
- name: BNet
- type: Ladder 1vs1/FFA
- host: Battle.net
- saver: DirtMcGirt
map: EchoIsles
- players: 2
- length: 42:45
- speed: Fast
- version: 1.23 W3XP
- replay type: Public
» download(127 KB)
Players
team 1 (loser)

»
everyone_whines (
pink | 46 APM | 1972 actions | 42:44)
4 Dreadlord
2 Sleep
2 Carrion Swarm
3 Lich
1 Frost Armor
2 Frost Nova
» actions
| Assign group hotkey | 112 | |
| Build / train | 106 | |
| Enter build submenu | 31 | |
| Enter hero's abilities submenu | 7 | |
| Remove unit from queue | 6 | |
| Right click | 767 | |
| Select / deselect | 368 | |
| Select group hotkey | 475 | |
| Use ability | 100 | |
1972 total
» units
| Acolyte | 15 | |
| Ghoul | 16 | |
| Crypt Fiend | 16 | |
| Meatwagon | 8 | |
| Abomination | 3 | |
| Frost Wyrm | 8 | |
| Obsidian Statue | 5 | |
71 total
» upgrades
| Cannibalize | 1 | |
| Unholy Strength | 1 | |
| Unholy Armor | 1 | |
| Creature Attack | 2 | |
| Creature Carapace | 2 | |
| Web | 1 | |
| Exhume Corpses | 1 | |
| Disease Cloud | 1 | |
| Freezing Breath | 1 | |
11 total
» buildings
| Altar of Darkness | 1 | |
| Crypt | 2 | |
| Ziggurat | 21 | |
| Nerubian Tower | 6 | |
| Graveyard | 1 | |
| Halls of the Dead | 1 | |
| Spirit Tower | 5 | |
| Sacrificial Pit | 1 | |
| Black Citadel | 1 | |
| Slaughterhouse | 3 | |
| Boneyard | 2 | |
| Tomb of Relics | 2 | |
| Necropolis | 1 | |
47 total
» build order
00:23 Altar of Darkness
00:28 Crypt
00:46 Ziggurat
01:00 Ziggurat
01:42 Nerubian Tower
01:52 Nerubian Tower
02:05 Graveyard
04:14 Halls of the Dead
04:52 Ziggurat
05:44 Ziggurat
05:46 Spirit Tower
06:59 Sacrificial Pit
07:06 Ziggurat
08:33 Spirit Tower
08:35 Nerubian Tower
12:35 Ziggurat
12:36 Ziggurat
12:37 Ziggurat
12:38 Ziggurat
12:56 Ziggurat
13:32 Spirit Tower
14:05 Ziggurat
14:06 Ziggurat
14:07 Ziggurat
15:04 Nerubian Tower
15:10 Nerubian Tower
15:25 Spirit Tower
17:53 Black Citadel
18:08 Slaughterhouse
18:10 Slaughterhouse
18:22 Slaughterhouse
21:04 Boneyard
23:18 Boneyard
23:24 Tomb of Relics
25:27 Necropolis
26:52 Ziggurat
26:53 Ziggurat
26:54 Ziggurat
26:54 Ziggurat
27:56 Spirit Tower
30:12 Crypt
30:24 Ziggurat
32:39 Nerubian Tower
34:07 Tomb of Relics
39:24 Ziggurat
39:25 Ziggurat
39:26 Ziggurat
team 2 (winner)

»
DirtMcGirt (
yellow | 99 APM | 4247 actions | 42:45)
6 Archmage
3 Blizzard
2 Brilliance Aura
1 Mass Teleport
6 Pit Lord
3 Rain of Fire
1 Howl of Terror
1 Cleaving Attack
1 Doom
2 Paladin
1 Holy Light
1 Divine Shield
» actions
| Assign group hotkey | 16 | |
| Basic commands | 1 | |
| Build / train | 104 | |
| Enter build submenu | 36 | |
| Enter hero's abilities submenu | 14 | |
| Give item / drop item | 12 | |
| Remove unit from queue | 6 | |
| Right click | 1787 | |
| Select / deselect | 1643 | |
| Select group hotkey | 433 | |
| Use ability | 194 | |
4247 total
» units
| Peasant | 10 | |
| Forest Troll Shadow Priest | 2 | |
| Sorceress | 2 | |
| Mortar Team | 10 | |
| Priest | 1 | |
| Flying Machine | 8 | |
| Dragonhawk Rider | 2 | |
35 total
» upgrades
| Masonry | 3 | |
| Lumber Harvesting | 2 | |
| Magic Sentry | 1 | |
| Sorceress Training | 1 | |
| Fragmentation Shards | 1 | |
| Gunpowder | 2 | |
| Barrage | 0 | |
| Flare | 1 | |
| Flak Cannons | 1 | |
| Flying Machine Bombs | 1 | |
13 total
» buildings
| Altar of Kings | 1 | |
| Lumber Mill | 1 | |
| Farm | 7 | |
| Scout Tower | 30 | |
| Guard Tower | 20 | |
| Arcane Vault | 1 | |
| Keep | 1 | |
| Blacksmith | 2 | |
| Arcane Sanctum | 1 | |
| Workshop | 1 | |
| Castle | 1 | |
| Town Hall | 1 | |
| Gryphon Aviary | 1 | |
68 total
» build order
00:12 Altar of Kings
00:18 Lumber Mill
00:27 Farm
01:01 Farm
01:34 Scout Tower
01:44 Scout Tower
01:48 Scout Tower
02:03 Scout Tower
02:05 Guard Tower
02:16 Guard Tower
02:20 Scout Tower
02:36 Guard Tower
02:52 Scout Tower
02:54 Guard Tower
03:28 Arcane Vault
03:46 Keep
03:49 Guard Tower
03:55 Scout Tower
04:30 Scout Tower
04:32 Scout Tower
04:34 Guard Tower
04:46 Farm
05:11 Blacksmith
05:15 Blacksmith
05:18 Guard Tower
05:22 Scout Tower
05:23 Scout Tower
05:27 Guard Tower
06:13 Arcane Sanctum
06:16 Guard Tower
06:35 Guard Tower
08:23 Workshop
08:41 Scout Tower
08:42 Scout Tower
08:44 Scout Tower
09:29 Guard Tower
10:34 Guard Tower
10:38 Scout Tower
10:39 Scout Tower
10:40 Scout Tower
10:46 Castle
10:58 Farm
11:13 Guard Tower
11:37 Scout Tower
11:38 Scout Tower
12:03 Guard Tower
12:08 Scout Tower
12:09 Scout Tower
12:10 Scout Tower
12:33 Farm
14:03 Guard Tower
14:03 Guard Tower
14:48 Scout Tower
14:49 Scout Tower
14:57 Farm
15:14 Scout Tower
15:17 Guard Tower
15:23 Town Hall
15:25 Guard Tower
15:52 Guard Tower
15:55 Scout Tower
15:56 Scout Tower
17:48 Farm
26:32 Gryphon Aviary
29:38 Scout Tower
29:39 Scout Tower
29:39 Scout Tower
30:10 Guard Tower
» items
| Scroll of Regeneration | 3 | |
| Lesser Clarity Potion | 1 | |
| Potion of Healing | 2 | |
| Boots of Speed | 1 | |
| Periapt of Vitality | 1 | |
| Scroll of Town Portal | 2 | |
| Staff of Sanctuary | 1 | |
11 total
Chat log
(00:22 / All) DirtMcGirt: gl hf
(00:37 / All) everyone_whines: u2
(02:58 / All) DirtMcGirt: whats ur game
(16:15 / All) everyone_whines: lol
(16:17 / All) everyone_whines: gg
(16:20 / All) DirtMcGirt: ?
(16:22 / All) DirtMcGirt: for u maybe
(22:36 / All) DirtMcGirt: LOL
(22:52 / All) everyone_whines: who cares - u lost
(25:02 / All) everyone_whines: lol
(26:06 / All) DirtMcGirt: LOL
(26:14 / All) everyone_whines: u suck dude
(26:21 / All) DirtMcGirt: u can have both expos
(26:25 / All) everyone_whines: just leave - been over since very 1st encounter
(26:27 / All) DirtMcGirt: ill still win watch
(26:32 / All) everyone_whines: lol
(27:35 / All) DirtMcGirt: LOL
(30:48 / All) everyone_whines: u jsut a tower noob - what a joke
(30:55 / All) DirtMcGirt: lol i type like a - faggot
(31:06 / All) everyone_whines: yes u do
(32:03 / All) everyone_whines: come out & play from ur towers big man
(32:04 / All) everyone_whines: lol
(32:10 / All) DirtMcGirt: lol u have both expos
(32:11 / All) DirtMcGirt: attack me
(32:20 / All) everyone_whines: nope u suck
(32:24 / All) everyone_whines: don't need to
(32:27 / All) DirtMcGirt: ill come to u then
(32:29 / All) everyone_whines: i watching a movie
(32:47 / All) DirtMcGirt: one sec
(33:31 / All) DirtMcGirt: Lol gg
(33:59 / All) DirtMcGirt: ur garbage
(34:18 / All) everyone_whines: just don't care playin piece of shit like u
(34:23 / All) DirtMcGirt: G
(34:23 / All) DirtMcGirt: G
(34:25 / All) DirtMcGirt: u lose
(34:29 / All) everyone_whines: nope
(37:27 / All) DirtMcGirt: GG NOOB
(40:42 / All) DirtMcGirt: LOL
(40:48 / All) DirtMcGirt: ur terrible kill urself
(41:02 / All) DirtMcGirt: Takin all that shit
(41:13 / All) everyone_whines: just got lazy
(41:18 / All) everyone_whines: u suck really bad
(41:31 / All) DirtMcGirt: lol
(41:33 / All) everyone_whines: u totally owned
(41:33 / All) DirtMcGirt: i won with towers
(41:37 / All) DirtMcGirt: and know epo
(41:40 / All) everyone_whines: i got lazy is all
(41:40 / All) DirtMcGirt: i know tell me bout it
(41:43 / All) everyone_whines: noob
(41:49 / All) everyone_whines: u a total noob
(41:50 / All) DirtMcGirt: Lol
(41:55 / All) DirtMcGirt: ur a lil bitch
(41:59 / All) DirtMcGirt: talkin shit
(42:01 / All) DirtMcGirt: after u got raped
(42:13 / All) DirtMcGirt: never made a single meelee unit
(42:27 / All) DirtMcGirt: enjoy your loss?